Map: World of Sleepers LE

Players

pHARM - Winner!

  • Race: Zerg Zerg
  • League: Platinum
  • Spawn Location: 7:00

DKPUNCH

  • Race: Terran Terran
  • League: Platinum
  • Spawn Location: 1:00

VOD

Have the link to the VOD?

Description

Time

  • Played on: Aug. 26, 2019, 3:17 p.m.
  • Length: 15:24
Show
View Real Time Build Order
Export as new Build Order

pHARM Zerg - Winner!

Build Orders: Hatch First 

Get SALT Encoding   

  12  0:01  Drone  
  13  0:13  Drone  
  14  0:16  Overlord  
  14  0:34  Drone x2  
  16  0:54  Hatchery  
  16  0:55  Drone  
  16  0:56  Drone  
  17  0:58  Drone  
  18  1:09  Drone  
  19  1:17  Spawning Pool  
  18  1:21  Drone  
  19  1:40  Drone  
  19  1:42  Extractor  
  19  1:44  Drone  
  20  1:50  Overlord  
  20  2:06  Queen x2  
  20  2:08  Zergling x4  
  25  2:13  Drone  
  27  2:23  Drone x2  
  29  2:38  Drone x2  
  29  2:43  Metabolic Boost  
  31  2:45  Queen x2  
  35  2:54  Drone  
  35  2:56  Overlord x2  
  36  3:17  Drone x5  
  41  3:30  Lair  
  41  3:35  Queen  
  41  3:37  Drone  
  41  3:38  Drone x6  
  50  3:55  Extractor  
  49  3:56  Extractor  
  49  4:02  Hatchery  
  47  4:11  Pneumatized Carapace  
  47  4:16  Drone x2  
  47  4:17  Drone x3  
  52  4:33  Overlord x3  
  52  4:47  Overseer  
  52  4:48  Evolution Chamber  
  48  4:55  Drone x9  
  52  5:17  Roach Warren  
  52  5:20  Baneling Nest  
  50  5:33  Drone x9  
  59  6:04  Glial Reconstitution  
  59  6:07  Zerg Melee Weapons Level 1  
  59  6:08  Overlord x2  
  59  6:13  Drone x7  
  59  6:16  Overseer  
  68  6:32  Roach  
  68  6:33  Roach x4  
  68  6:38  Extractor  
  75  6:45  Hydralisk Den  
  75  6:46  Roach x4  
  75  6:47  Roach x4  
  90  6:57  Roach x3, Extractor  
  90  6:58  Roach  
  90  6:59  Overlord  
  97  7:27  Roach x4  
  96  7:56  Roach x5  
  96  7:57  Nydus Network, Zergling x2  
  106  7:58  Overlord  
  106  7:59  Overlord x9  
  106  8:24  Overseer  
  106  8:25  Roach x8  
  106  8:26  Roach, Grooved Spines  
  124  8:40  Overseer  
  124  8:41  Nydus Canal  
  124  8:55  Nydus Canal  
  124  8:58  Roach x12  
  147  9:37  Zergling x28  
  147  9:38  Zergling x8, Muscular Augments  
  149  10:00  Baneling x6  
  149  10:01  Baneling x29  
  123  10:56  Hydralisk  
  123  10:57  Hydralisk x19  
  163  11:07  Nydus Canal  
  163  11:12  Nydus Canal  
  163  11:33  Hatchery  
  109  12:15  Nydus Canal  
  107  12:25  Spire  
  107  12:27  Hydralisk  
  107  12:28  Hydralisk x13  
  120  12:30  Infestation Pit  
  99  14:06  Hive  
Show
View Real Time Build Order
Export as new Build Order

DKPUNCH Terran 

Build Orders:  

Get SALT Encoding   

  12  0:01  SCV  
  13  0:13  SCV  
  14  0:24  Supply Depot  
  14  0:26  SCV  
  15  0:45  SCV  
  15  0:47  Barracks  
  16  0:51  Refinery  
  16  0:57  SCV  
  17  1:09  SCV  
  18  1:22  SCV  
  20  1:42  Orbital Command  
  20  1:45  Command Center  
  19  1:47  Marine  
  20  1:56  Ghost Academy  
  20  2:03  Refinery  
  20  2:13  Barracks Tech Lab  
  20  2:16  Supply Depot  
  20  2:27  SCV  
  21  2:36  Personal Cloaking  
  21  2:39  Marine, SCV  
  24  2:51  SCV  
  24  3:05  Orbital Command  
  24  3:08  Ghost  
  24  3:10  SCV  
  27  3:22  SCV  
  28  3:34  SCV  
  28  3:36  Ghost  
  28  3:37  SCV  
  32  3:46  SCV  
  33  3:49  Command Center  
  33  3:51  SCV, Factory  
  34  3:58  SCV  
  35  4:03  SCV  
  36  4:14  SCV  
  36  4:16  SCV  
  38  4:26  SCV  
  38  4:29  SCV  
  40  4:38  SCV  
  39  5:13  SCV  
  38  5:15  Siege Tank  
  41  5:28  Barracks x2  
  41  5:29  Barracks  
  41  5:38  Refinery  
  41  5:40  Barracks Tech Lab  
  41  5:41  Refinery  
  41  5:46  Orbital Command  
  41  5:47  Siege Tank  
  44  6:00  Stimpack  
  44  6:02  SCV  
  45  6:07  SCV  
  46  6:19  Barracks x2  
  46  6:20  Barracks  
  46  6:24  Marine  
  47  6:27  Barracks Reactor x3  
  47  6:29  SCV  
  47  6:32  SCV  
  49  6:35  SCV  
  53  6:40  Siege Tank  
  53  6:41  SCV  
  53  6:44  SCV  
  55  6:49  SCV  
  55  6:53  SCV  
  57  6:58  Supply Depot  
  57  6:59  Supply Depot  
  57  7:00  Supply Depot  
  57  7:04  SCV  
  57  7:08  Barracks, Barracks Reactor x2  
  58  7:09  Barracks Reactor  
  58  7:15  Marine  
  58  7:16  Marine x2  
  58  7:19  Marine x4  
  58  7:21  Supply Depot x2  
  65  7:24  Supply Depot  
  65  7:25  SCV  
  64  7:33  Marine x2  
  64  7:34  Marine  
  64  7:37  Marine x4  
  62  7:47  Orbital Command  
  62  7:50  SCV x2  
  62  7:51  Marine x4  
  61  7:52  Marine x2  
  61  7:53  Marine  
  61  7:54  Marine x3  
  61  7:55  Marine x4  
  75  8:00  Siege Tank  
  75  8:02  SCV x2  
  80  8:09  Marine x4  
  80  8:10  Marine x2  
  80  8:11  Marine x3  
  80  8:12  Marine x5  
  94  8:24  Engineering Bay  
  94  8:26  Marine  
  95  8:27  Marine x4, Engineering Bay  
  95  8:28  Marine  
  95  8:29  Marine x3, SCV x2  
  95  8:30  Marine x3, SCV  
  109  8:38  Supply Depot  
  109  8:40  Supply Depot  
  109  8:49  Supply Depot  
  109  8:50  Supply Depot  
  109  8:59  Marine x7, SCV, Terran Infantry Armor Level 1, Terran Infantry Weapons Level 1  
  109  9:01  Marine x5, Siege Tank  
  125  9:11  SCV x3  
  128  9:19  Marine  
  128  9:20  Marine x2  
  128  9:24  Marine x3  
  118  9:25  Marine x3  
  118  9:26  Marine  
  118  9:27  Marine  
  118  9:29  Marine  
  122  9:33  Marine  
  122  9:37  Marine  
  122  9:38  Marine  
  125  9:40  Marine  
  113  10:15  Marine x4  
  113  10:16  Marine x2  
  113  10:17  Marine  
  64  10:32  Marine  
  64  10:33  Marine x3  
  64  10:34  Marine x3  
  71  10:50  Marine  
  71  10:51  Marine x3  
  71  10:52  Marine x3  
  78  11:08  Marine x2  
  78  11:09  Marine x2  
  82  11:16  Barracks Reactor  
  82  11:17  Barracks Tech Lab x2  
  82  11:25  Barracks Tech Lab  
  82  11:26  Barracks Tech Lab  
  82  11:27  Barracks Tech Lab x3  
  21  11:58  Marauder x3  
  21  11:59  Marauder x4  
  16  12:19  Marauder  
  16  12:20  Marauder x6  
  22  12:41  Marauder x2  
Tags
 
Add a new tag
Caveats
  • Supply blocks, unpowered buildings, or Contaminate may cause inaccurate times.
  • Supply counts are checked every 10 seconds.